 Dungeon Crawl Stone Soup version 0.29.1-1-gd02db6906a (webtiles) character file.

Game seed: 17927547081523140612

3190 funkygono the Arsonist (level 9, -1/48 HPs)
             Began as a Gargoyle Fire Elementalist on Sept 17, 2022.
             Shot with a bolt by an orc warrior (23 damage)
             ... on level 10 of the Dungeon.
             The game lasted 00:15:12 (9600 turns).

funkygono the Arsonist (Gargoyle Fire Elementalist) Turns: 9600, Time: 00:15:13

Health: -1/48      AC: 13    Str: 11    XL:     9   Next: 96%
Magic:  7/30       EV: 27    Int: 21    God:
Gold:   467        SH:  0    Dex: 10    Spells: 14/24 levels left

rFire   + . .      SeeInvis .   l - +4 quarterstaff (chaos)
rCold   x . .      Faith    .   (shield currently unavailable)
rNeg    + + .      Spirit   .   A - +1 robe {rN+}
rPois   ∞          Reflect  .   E - +0 helmet
rElec   +          Harm     .   m - +2 cloak
rCorr   .          Rampage  .   (no gloves)
Will    .....                   (no boots)
Stlth   ++........              c - amulet of the acrobat
HPRegen 0.16/turn               d - ring of fire
MPRegen 0.22/turn               e - ring of magical power

@: acrobatic, hasted, studying Staves, very quick
A: sickness immunity, AC +6, negative energy resistance 1, electricity
resistance, torment resistance 1, petrification resistance
a: no special abilities


You were on level 10 of the Dungeon.
You visited 2 branches of the dungeon, and saw 9 of its levels.
You also visited: Sewer and Ossuary.

You collected 467 gold pieces.

Inventory:

Hand Weapons
 g - a +2 spectral whip
 k - a +0 flail
 l - a +4 quarterstaff of chaos (weapon)
Armour
 m - a +2 cloak (worn)
 y - a +1 chain mail of cold resistance
 z - a +0 troll leather armour
 A - a +1 robe of positive energy (worn)
 E - a +0 helmet (worn)
Jewellery
 c - an amulet of the acrobat (around neck)
 d - a ring of fire (left hand)
 e - a ring of magical power (right hand)
 h - a +6 ring of strength
 u - a ring of magical power
Wands
 w - a wand of quicksilver (12)
 B - a wand of charming (4)
Scrolls
 a - a scroll of teleportation
 x - a scroll of poison
 C - 2 scrolls of vulnerability {unknown}
 D - a scroll of identify
Potions
 b - a potion of magic
 f - 10 potions of curing
 i - 2 potions of resistance {unknown}
 j - 3 potions of heal wounds
 n - 2 potions of haste
 o - a potion of flight
 p - a potion of berserk rage {unknown}
 q - 4 potions of might {unknown}
 r - a potion of brilliance {unknown}
 s - 3 potions of attraction {unknown}
 t - 2 potions of mutation {unknown}
 v - a potion of lignification {unknown}


   Skills:
 + Level 2.2 Fighting
 + Level 2.4(2.9) Maces & Flails
 + Level 2.2(2.8) Staves
 + Level 2.7 Dodging
 - Level 2.1 Stealth
 + Level 8.0 Spellcasting
 + Level 6.0 Conjurations
 + Level 8.4 Fire Magic


You had 14 spell levels left.
You knew the following spells:

 Your Spells              Type           Power      Damage    Failure   Level
a - Foxfire               Conj/Fire      100%       2x1d9     1%          1
b - Scorch                Fire           100%       2d10      1%          2
c - Conjure Flame         Conj/Fire      55%        6-21      1%          3
d - Flame Wave            Conj/Fire      55%        2d13      4%          4

Your spell library contained the following spells:

 Spells                   Type           Power      Damage    Failure   Level
 Magic Dart               Conj           100%       1d8       1%          1
 Inner Flame              Hex/Fire       39%        N/A       4%          3
 Apportation              Tloc           16%        N/A       8%          1
 Necrotise                Necr           32%        1d5       8%          1
 Summon Small Mammal      Summ           32%        N/A       8%          1
 Ignite Poison            Fire/Tmut/Pois 30%        N/A       8%          3
 Mephitic Cloud           Conj/Pois/Air  16%        N/A       11%         3
 Call Imp                 Summ           8%         N/A       12%         2
 Call Canine Familiar     Summ           8%         N/A       24%         3
 Frozen Ramparts          Ice            16%        1d3       24%         3
 Portal Projectile        Hex/Tloc       16%        N/A       24%         3
 Ice Form                 Ice/Tmut       8%         N/A       61%         4
 Leda's Liquefaction      Hex/Erth       4%         N/A       61%         4
 Summon Ice Beast         Ice/Summ       8%         N/A       61%         4
 Freezing Cloud           Conj/Ice/Air   8%         6-21      67%         5
 Summon Forest            Summ/Tloc      4%         N/A       91%         5
 Summon Mana Viper        Hex/Summ       8%         N/A       91%         5
 Summon Cactus Giant      Summ           4%         N/A       100%        6


Dungeon Overview and Level Annotations

Branches:
Dungeon (7/15)             Temple (1/1) D:6           Sewer (visited)
Ossuary (visited)

Altars:
Ashenzari
Cheibriados
Elyvilon
Gozag
Hepliaklqana
Kikubaaqudgha
Okawaru
Qazlal
Ru
Trog
Uskayaw
Wu Jian
Xom
Yredelemnul
Zin
The Shining One


Innate Abilities, Weirdness & Mutations

You are immune to sickness and miasma.
Your stone body is resilient. (AC +6)
You are immune to poison.
You resist negative energy. (rN+)
You are resistant to electric shocks. (rElec)
You are resistant to unholy torment.
You are immune to petrification.


Message History

An orc warrior comes into view. It is wielding a +0 glaive.
Unknown command.
Casting: Foxfire (safe; 1% risk of failure)
Confirm with . or Enter, or press ? or * to list all spells.
Casting: Flame Wave (dangerous; 4% risk of failure)
Press: ? - help, Dir - look around, f - activate You feel a surge of power!
A wave of flame ripples out!
The flame wave engulfs the orc priest!
The orc priest is almost dead.
The flame wave engulfs your foxfire.
Your foxfire completely resists.
The flame wave engulfs your foxfire.
Your foxfire completely resists.
The flame wave engulfs your foxfire.
Your foxfire completely resists. (Press . to intensify the flame waves.)
The foxfire hits the orc priest but does no damage.
The orc priest is almost dead.
The foxfire hits the orc priest.
You kill the orc priest!
The foxfire hits the orc.
The orc is almost dead.
A wave of flame ripples out!
The flame wave engulfs the orc priest!
You kill the orc priest!
The flame wave engulfs the orc!
You kill the orc!
The flame wave engulfs the orc!
You kill the orc!
You hear a shout!
The orc throws a boomerang.
The boomerang misses you.
Your Spellcasting skill increases to level 8!
A wave of flame ripples out!
The flame wave engulfs the orc.
You kill the orc!
You finish channelling waves of flame.
Unknown command.
You feel yourself speed up.
An orc warrior comes into view. It is wielding a +0 war axe.
The orc warrior unwields a +0 glaive.
The orc warrior wields a +0 arbalest.
The orc warrior shoots a bolt.
The bolt hits you!!
You die...

.... ..# .............~#
..# .............~# ~..#
.............~# ~..#
......>...##.~# ≈~..#
..........##.~####≈~..#
..........##.~~~~~~~..#
...........#..........#
#...@.......#..###.#
...#..#......##.......
.....=).)).............
......)##).......[......
.##..oo #)...##.........
#...)......##.........
..o)...[.........##....
..................# ..
.....$. .......


You could see 2 orc warriors and an orc.

Vanquished Creatures
  A troll (D:6)
  Sigmund (D:6)
  A wyvern (D:7)
  A wraith (D:6)
  Menkaure (D:6)
  Duvessa (D:5)
  A sky beast (D:7)
  A black bear (D:5)
  An ogre (D:5)
  2 phantoms
  Blork the orc (D:6)
  3 bullfrogs
  3 scorpions
  A gnoll sergeant (D:6)
  6 water moccasin zombies (Ossuary)
  A wight (D:6)
  Dowan (D:5)
  5 hounds
  5 orc priests
  Crazy Yiuf (D:2)
  An iguana (D:6)
  8 orc wizards
  2 mummies (Ossuary)
  7 gnolls
  8 adders
  4 river rats
  7 adder zombies (Ossuary)
  3 worms
  5 dart slugs
  24 orcs
  7 endoplasms
  6 giant cockroaches
  4 gnoll zombies (Ossuary)
  3 goblins
  9 hobgoblins
  18 jackals
  2 quokkas
  14 ball pythons
  4 bats
  7 frilled lizards
  5 hobgoblin zombies (Ossuary)
  7 kobolds
  4 kobold zombies (Ossuary)
  4 orc zombies (Ossuary)
  6 rats
207 creatures vanquished.

Vanquished Creatures (others)
  547 foxfires
547 creatures vanquished.

Grand Total: 754 creatures vanquished

Notes
Turn   | Place    | Note
-------+----------+-------------------------------------------
     0 | D:1      | funkygono the Gargoyle Fire Elementalist began the quest
                  | for the Orb.
     0 | D:1      | Reached XP level 1. HP: 10/10 MP: 3/3
   150 | D:1      | Reached XP level 2. HP: 6/15 MP: 0/5
   153 | D:1      | Learned a level 2 spell: Scorch
   609 | D:1      | Reached XP level 3. HP: 3/19 MP: 0/6
   613 | D:1      | Learned a level 3 spell: Conjure Flame
  1647 | D:2      | Reached XP level 4. HP: 24/24 MP: 2/8
  1726 | D:2      | Found a runed translucent door.
  1727 | D:2      | Noticed Crazy Yiuf
  2987 | D:2      | Killed Crazy Yiuf
  2988 | D:2      | Reached XP level 5. HP: 28/28 MP: 1/10
  3258 | D:3      | Found a faded altar of an unknown god.
  3494 | D:3      | Found a white marble altar of Elyvilon.
  4235 | D:3      | Learned a level 4 spell: Flame Wave
  4397 | D:4      | Found a glowing drain.
  4411 | Sewer    | Entered a sewer
  4548 | Sewer    | Reached XP level 6. HP: 25/33 MP: 11/11
  5341 | D:5      | Entered Level 5 of the Dungeon
  5437 | D:5      | Reached skill level 1 in Maces & Flails
  5511 | D:5      | Found a sand-covered staircase.
  5516 | Ossuary  | Entered an ossuary
  5542 | Ossuary  | Reached XP level 7. HP: 34/37 MP: 13/13
  5621 | Ossuary  | Reached skill level 5 in Fire Magic
  5827 | Ossuary  | Reached skill level 5 in Spellcasting
  5955 | Ossuary  | Reached skill level 1 in Fighting
  6251 | D:5      | Found a glowing silver altar of Zin.
  6348 | D:5      | Reached XP level 8. HP: 43/43 MP: 15/15
  6387 | D:5      | Found an ornate altar of the Wu Jian Council.
  6395 | D:5      | Noticed Duvessa
  6400 | D:5      | Killed Duvessa
  6403 | D:5      | Noticed Dowan
  6410 | D:5      | Killed Dowan
  6557 | D:5      | Found a basalt altar of Yredelemnul.
  6557 | D:5      | Found a hide-covered altar of Uskayaw.
  6562 | D:5      | Found an iron altar of Okawaru.
  7572 | D:6      | Noticed Sigmund
  7577 | D:6      | Killed Sigmund
  7579 | D:6      | Noticed Menkaure
  7587 | D:6      | Killed Menkaure
  7697 | D:6      | Reached XP level 9. HP: 47/47 MP: 18/18
  7720 | D:6      | Reached skill level 5 in Conjurations
  7900 | D:6      | Found a staircase to the Ecumenical Temple.
  7909 | Temple   | Entered the Ecumenical Temple
  8367 | D:6      | Noticed Blork the orc
  8375 | D:6      | Killed Blork the orc
  8505 | D:6      | Noticed a troll
  8514 | D:6      | Killed a troll
  9116 | D:7      | Reached skill level 1 in Staves
  9563 | D:7      | You fall into a shaft and drop 3 floors!
  9563 | D:10     | Entered Level 10 of the Dungeon
  9600 | D:10     | Shot with a bolt by an orc warrior

Illustrated notes

Levels and vault maps discovered:
D:1:      onia_arrival_pyramid, layout_loops_cross
D:2:      layout_basic, uniq_crazy_yiuf_cottage
D:3:      layout_basic, elyvilon_altar_1, hellmonk_ecumenical_altar_blasted
D:4:      layout_basic, cheibrodos_sewer_entry_sluice,
          nicolae_concentric_dashed_squares_wild
D:5:      layout_layer_cave, mainiacjoe_overflow_six_doors_small,
          grunt_temple_overflow_open, nicolae_ossuary_entry_plus,
          kennysheep_big_empty_room, uniq_duvessa
D:6:      layout_gridville, minmay_temple_entry_sparse_star,
          minmay_manual_mandibuliform, uniq_sigmund, uniq_blork_the_orc,
          uniq_menkaure
D:7:      gammafunk_wand_slinger, layout_gridville,
          minmay_overflow_temple_star_hex, guppyfry_early_elven_hall
D:10:     layout_layer_cave, erik_orc_4, enter_bailey_4, serial_shops,
          nicolae_shop_stone, uniq_fannar
Temple:   cyrus_temple_forest

Skill      XL: |  1  2  3  4  5  6  7  8  9 |
---------------+----------------------------+-----
Conjurations   | 2 3 4 6 |  6.0
Spellcasting   | 3 4 5 6 8 |  8.0
Fire Magic     | 4 5 6 8 |  8.4
Dodging        | 2 |  2.7
Maces & Flails | 1 2 |  2.4
Fighting       | 1 2 |  2.2
Staves         | 2 |  2.2
Stealth        | |  2.1

Action                   |  1- 3 |  4- 6 |  7- 9 || total
-------------------------+-------+-------+-------++-------
Melee: Unarmed           |    20 |       |       ||    20
       Whip              |       |    27 |    48 ||    75
       Quarterstaff      |       |       |    12 ||    12
 Cast: Foxfire           |    58 |    96 |   165 ||   319
       Scorch            |     2 |    10 |    35 ||    47
       Flame Wave        |       |       |     2 ||     2
  Use: Scroll            |       |    11 |     4 ||    15
       Potion            |       |       |     1 ||     1
 Stab: Sleeping          |       |     1 |       ||     1
       Distracted        |       |     1 |       ||     1
Armor: Robe              |    12 |    14 |    38 ||    64
Dodge: Dodged            |    29 |    24 |    83 ||   136
